 Dungeon Crawl Stone Soup version 0.31-a0-702-gf82c85558f (webtiles) character file.

Game seed: 3796436397409784292

399 cforsyth the Trooper (level 7, -2/54 HPs)
             Began as a Djinni Chaos Knight on Sept 8, 2023.
             Was an Initiate of Hepliaklqana.
             Slain by a gnoll bouda
             ... wielding a +0 whip
              (3 damage)
             ... on level 5 of the Dungeon.
             The game lasted 00:05:09 (3410 turns).

cforsyth the Trooper (Djinni Chaos Knight)          Turns: 3410, Time: 00:05:10

Health: -2/54      AC:  8    Str: 11    XL:     7   Next: 10%
Gold:   276        EV: 11    Int: 15    God:    Hepliaklqana [......] SH:  0 Dex: 13

rFire   + + .        m - +2 short sword (speed)
rCold   x . .        (no shield)
rNeg    . . .        l - +3 leather armour of Perum {+Blink rElec Stlth-}
rPois   ∞            n - +0 helmet
rElec   +            (no cloak)
rCorr   .            t - +0 pair of gloves
SInv    .            (boots unavailable)
Will    +....        (no amulet) Stlth
                     (no ring)
HPRegen 0.29/turn    (no ring)
MPRegen 0.00/turn

%: infuse magic (-3 HP)
@: weakened, enlightened, flying
A: sickness immunity, fire resistance 2, cold vulnerability 1, float, innate
caster, HP casting, extra vitality 1
a: Renounce Religion, Evoke Blink


You were on level 5 of the Dungeon.
You worshipped Hepliaklqana.
Hepliaklqana was noncommittal.
You visited 2 branches of the dungeon, and saw 6 of its levels.

You collected 276 gold pieces.

Inventory:

Hand Weapons
 a - a +0 falchion of chaos
 m - a +2 short sword of speed (weapon)
 v - a +2 scythe of venom
Missiles
 j - 2 throwing nets
Armour
 b - a +2 leather armour
 l - the +3 leather armour of Perum (worn) {+Blink rElec Stlth-}
   (You found it on level 2 of the Dungeon)

   rElec:     It insulates you from electricity.
   +Blink:    It lets you blink.
   Stlth-:    It makes you less stealthy.
 n - a +0 helmet (worn)
 t - a +0 pair of gloves (worn)
Jewellery
 h - a +6 ring of strength
Wands
 r - a wand of flame (8)
 w - a wand of mindburst (9)
Scrolls
 c - a scroll of butterflies
 e - a scroll of vulnerability {unknown}
 f - a scroll of enchant weapon {unknown}
 g - 2 scrolls of immolation {unknown}
 i - a scroll of silence {unknown}
 k - a scroll of fear {unknown}
 o - 2 scrolls of identify {unknown}
 s - a scroll of enchant armour {unknown}
 u - 4 scrolls of teleportation {unknown}
 x - a scroll of amnesia {unknown}
Potions
 d - a potion of enlightenment
 p - a potion of cancellation {unknown}
 q - a potion of brilliance {unknown}


   Skills:
 + Level 5.6 Fighting
 - Level 2.6 Long Blades
 - Level 1.0 Armour
 - Level 2.1 Dodging
 + Level 3.3 Spellcasting
 + Level 3.3 Conjurations
 + Level 3.3 Hexes
   Level 0.0 Charms
 + Level 3.3 Summonings
 + Level 3.3 Necromancy
 + Level 3.3 Translocations
 + Level 3.3 Transmutations
 + Level 3.3 Fire Magic
 + Level 3.3 Ice Magic
 + Level 3.3 Air Magic
 + Level 3.3 Earth Magic
 + Level 3.3 Poison Magic


You knew the following spells:

 Your Spells              Type           Power      Damage    Failure   Level
a - Necrotise             Necr           48%        1d6       7%          1
b - Call Imp              Summ           24%        N/A       10%         2
c - Blink                 Tloc           24%        N/A       10%         2
Your spell library was empty.

Dungeon Overview and Level Annotations

Branches:
Dungeon (5/15)             Temple (1/1) D:5

Altars:
Dithmenos
Elyvilon
Fedhas
Hepliaklqana
Makhleb
Nemelex Xobeh
Okawaru
Wu Jian
Xom
Yredelemnul
Zin

Shops:
D:2 *


Innate Abilities, Weirdness & Mutations

You are immune to sickness and miasma.
You are immune to poison.
Your flesh is very heat resistant. (rF++)
You are vulnerable to cold. (rC-)
You float through the air rather than walking.
You learn spells naturally, not from books.
Your magical power is your life essence.
You have superior vitality. (+4 MHP)


Message History

The gnoll is no longer moving quickly. x2; The iguana misses you.
The gnoll bouda gazes fiercely through you!
You feel your attacks grow feeble.
Aiming: Mindburst
Press: ? - help, Shift-Dir - straight line, f - iguana
Aim: an iguana (severely wounded, chance to affect: 72%)
The iguana struggles to resist.
The gnoll is no longer moving quickly.
The iguana misses you.
Aiming: Mindburst
Press: ? - help, Shift-Dir - straight line, f/p - iguana
Aim: an iguana (severely wounded, chance to affect: 72%)
The iguana's mind is blasted!
You blow up the iguana!
The gnoll is no longer moving quickly.
The gnoll bouda barks out a call to the hunt!
The gnolls pick up the pace!
Press: ? - help, v - describe, . - travel
Here: a gnoll, wielding a +3 flail (covering ground quickly)
The floor.
Unknown command.
Aiming: Mindburst
Press: ? - help, Shift-Dir - straight line, f - gnoll
Aim: a gnoll, wielding a +3 flail (covering ground quickly, chance to affect: 72%)
The gnoll struggles to resist.
The gnoll hits you with a +3 flail!
* * * LOW HITPOINT WARNING * * *
Aiming: Mindburst
Press: ? - help, Shift-Dir - straight line, f/p - gnoll
Aim: a gnoll, wielding a +3 flail (covering ground quickly, chance to affect: 72%)
The gnoll's mind is blasted!
You blow up the gnoll!
The gnoll bouda gazes fiercely through you!
You feel as though you will be weak longer.
The gnoll bouda attacks as it pursues you!
The gnoll bouda hits you with a +0 whip!
* * * LOW HITPOINT WARNING * * *
It was a potion of enlightenment.
You feel more buoyant.
The gnoll bouda hits you with a +0 whip.
You die...
Xom laughs nastily! ###### >.......# .....#...... ..# ............ gg#

≈..........# #.#
≈≈≈........# #.#
≈≈≈≈.......# #g# #8...8#
...........# #)### ##..!..##
≈≈≈≈.####### #gg.#####
8.....8 ≈≈≈≈....
###@....###.....# ≈≈≈.....
##.......# 8...8 ≈........
#........# ##>## .....####
#........####### .....#
#÷........###.#
##############....†........#
............##.........#####
###########...........##
####.........#


You could see a gnoll bouda and 2 gnolls.

Vanquished Creatures
  Sigmund (D:2)
  An orc priest (D:3)
  A hound (D:5)
  3 iguanas
  A gnoll (D:5)
  3 adders
  A dart slug (D:4)
  4 orcs (D:3)
  7 ball pythons
  8 bats
  4 endoplasms
  2 giant cockroaches (D:4)
  3 goblins (D:1)
  7 hobgoblins
  3 quokkas
  5 frilled lizards
  7 kobolds
  4 rats
65 creatures vanquished.

Notes
Turn   | Place    | Note
-------+----------+-------------------------------------------
     0 | D:1      | cforsyth the Djinni Chaos Knight began the quest for the
                  | Orb.
     0 | D:1      | Reached XP level 1. HP: 20/20 MP: 0/0
    99 | D:1      | XOM: silly message
   209 | D:1      | Reached XP level 2. HP: 25/25 MP: 0/0
   424 | D:1      | Reached skill level 1 in Spellcasting
   424 | D:1      | Reached skill level 1 in Conjurations
   424 | D:1      | Reached skill level 1 in Hexes
   424 | D:1      | Reached skill level 1 in Summonings
   424 | D:1      | Reached skill level 1 in Necromancy
   424 | D:1      | Reached skill level 1 in Translocations
   424 | D:1      | Reached skill level 1 in Transmutations
   424 | D:1      | Reached skill level 1 in Fire Magic
   424 | D:1      | Reached skill level 1 in Ice Magic
   424 | D:1      | Reached skill level 1 in Air Magic
   424 | D:1      | Reached skill level 1 in Earth Magic
   424 | D:1      | Reached skill level 1 in Poison Magic
   542 | D:1      | XOM: silly message
   702 | D:1      | XOM: noise
   857 | D:2      | Reached XP level 3. HP: 30/30 MP: 0/0
   857 | D:2      | Learned a level 1 spell: Necrotise
   892 | D:2      | Identified the +3 leather armour of Perum {+Blink rElec
                  | Stlth-}
  1011 | D:2      | XOM: cloud trail
  1052 | D:2      | Found Regesul's General Store.
  1132 | D:2      | Noticed Sigmund
  1135 | D:2      | XOM: divination: detect items
  1257 | D:3      | Reached XP level 4. HP: 37/37 MP: 0/0
  1297 | D:3      | XOM: noise
  1475 | D:3      | Found an ornate altar of the Wu Jian Council.
  1486 | D:3      | Found a faded altar of an unknown god.
  1504 | D:3      | HP: 1/37 [orc priest/nerve-wracking pain (14)]
  1505 | D:3      | XOM: cast spell 'Olgreb's Toxic Radiance'
  1509 | D:3      | Reached skill level 4 in Fighting
  1721 | D:3      | XOM: divination: magic mapping
  1895 | D:3      | XOM: silly message
  1992 | D:4      | Reached XP level 5. HP: 41/41 MP: 0/0
  1992 | D:4      | Learned a level 2 spell: Call Imp
  2168 | D:2      | Killed Sigmund
  2169 | D:2      | Reached skill level 5 in Fighting
  2169 | D:2      | Reached XP level 6. HP: 38/49 MP: 0/0
  2365 | D:4      | XOM: 6-stop teleportation journey
  3077 | D:4      | Found a shadowy altar of Dithmenos.
  3095 | D:5      | Entered Level 5 of the Dungeon
  3095 | D:5      | Found a staircase to the Ecumenical Temple.
  3120 | Temple   | Entered the Ecumenical Temple
  3133 | Temple   | Fell from the grace of Xom
  3133 | Temple   | Became a worshipper of Hepliaklqana the Forgotten
  3324 | D:5      | Reached XP level 7. HP: 47/54 MP: 0/0
  3324 | D:5      | Learned a level 2 spell: Blink
  3409 | D:5      | HP: 1/54 [gnoll bouda/+0 whip (7)]
  3410 | D:5      | Slain by a gnoll bouda

Illustrated notes

Levels and vault maps discovered:
D:1:      sevenhm_arrival_forest_fort_small_3, layout_basic
D:2:      layout_rooms, serial_shops, shop, minmay_door_square, uniq_sigmund
D:3:      layout_loops_cross, lemuel_crystal_altar,
          shapermc_ecumenical_altar_acropolis, minivault_5
D:4:      layout_loops_corners, amethyst_overflow_temple_binary
D:5:      layout_rooms, nicolae_overflow_hidden_temple, temple_pool_b
Temple:   nicolae_temple_bog_church

Skill      XL: |  1  2  3  4  5  6 |
---------------+-------------------+-----
Spellcasting   | 1 2 3 |  3.3
Conjurations   | 1 2 3 |  3.3
Hexes          | 1 2 3 |  3.3
Summonings     | 1 2 3 |  3.3
Necromancy     | 1 2 3 |  3.3
Translocations | 1 2 3 |  3.3
Transmutations | 1 2 3 |  3.3
Fire Magic     | 1 2 3 |  3.3
Ice Magic      | 1 2 3 |  3.3
Air Magic      | 1 2 3 |  3.3
Earth Magic    | 1 2 3 |  3.3
Poison Magic   | 1 2 3 |  3.3
Fighting       | 4 5 |  5.6
Long Blades    | |  2.6
Armour         | |  1.0
Dodging        | |  2.1

Action                     |  1- 3 |  4- 6 |  7- 9 || total
---------------------------+-------+-------+-------++-------
  Melee: Falchion          |    66 |       |       ||    66
         Short sword       |    18 |   119 |    19 ||   156
         Punch             |       |     3 |     1 ||     4
   Cast: Call Imp          |       |     1 |       ||     1
  Evoke: Wand              |       |       |     4 ||     4
    Use: Potion            |       |     1 |     1 ||     2
 Armour: Leather armour    |    48 |    47 |    11 ||   106
  Dodge: Dodged            |    52 |    42 |     5 ||    99

Table legend: (Time is in decaauts)
 A = Elapsed time spent in this place.
 B = Non-inter-level travel time spent in this place.
 C = Inter-level travel time spent in this place.
 D = Time resting spent in this place.
 E = Time spent auto-exploring this place.
 F = Levels seen in this place.
 G = Mean time per level.
                   A        B        C        D        E       F      G
               +--------+--------+--------+--------+--------+-----+--------+
         Total |   3361 |   3138 |    223 |      0 |   2548 |   6 |  560.2 |
       Dungeon |   3334 |   3124 |    210 |      0 |   2548 |   5 |  666.8 |
        Temple |     26 |     13 |     13 |      0 |      0 |   1 |   26.0 |
               +--------+--------+--------+--------+--------+-----+--------+

Top non-repeatable levels by time:
     D:4: 884 daAuts
     D:1: 852 daAuts
     D:3: 692 daAuts
     D:2: 635 daAuts
     D:5: 268 daAuts
  Temple: 26 daAuts
